 Dungeon Crawl Stone Soup version 0.31.0-11-ge490571c62 (webtiles) character file.

Game seed: 6694274647650156624

787 qw the Shooter (level 7, -16/35 HPs)
             Began as a Spriggan Hunter on Feb 5, 2024.
             Was an Initiate of Okawaru.
             Demolished by Duvessa
             ... wielding a +0 rapier of speed
              (20 damage)
             ... on level 5 of the Dungeon.
             The game lasted 00:01:37 (3444 turns).

qw the Shooter (Spriggan Hunter)                    Turns: 3444, Time: 00:01:38

Health: -16/35     AC:  2    Str:  7    XL:     7   Next: 56%
Magic:  8/8        EV: 22    Int: 11    God:    Okawaru [......]
Gold:   208        SH:  0    Dex: 20    Spells: 6/6 levels left

rFire   . . .        a - +5 shortbow
rCold   . . .        (shield currently unavailable)
rNeg    . . .        c - +0 robe
rPois   .            (helmet restricted)
rElec   .            (no cloak)
rCorr   .            (gloves unavailable)
SInv    +            (boots unavailable)
Will    +....        (no amulet)
Stlth   ++           (no ring)
HPRegen 0.25/turn    (no ring)
MPRegen 0.11/turn

%: no passive effects
@: hasted, very quick
A: very small, no large weapons, unfitting armour, see invisible, speed 3
a: Renounce Religion


You were on level 5 of the Dungeon.
You worshipped Okawaru.
Okawaru was noncommittal.
You visited 2 branches of the dungeon, and saw 6 of its levels.

You collected 208 gold pieces.


Innate Abilities, Weirdness & Mutations

You are very small and have problems with some larger weapons.
You are too small for most types of armour.
You have supernaturally acute eyesight. (SInv)
You cover ground extremely quickly. (Speed+++)


   Skills:
 - Level 2.0 Fighting
 + Level 7.8 Ranged Weapons
 - Level 7.1 Dodging
 - Level 1.5 Stealth


You had 6 spell levels left.
You didn't know any spells.
Your spell library was empty.

Inventory:

Hand Weapons
 a - a +5 shortbow (weapon)
Armour
 c - a +0 robe (worn)
Scrolls
 e - a scroll of vulnerability {unknown}
 k - a scroll of blinking {unknown}
 l - a scroll of identify
Potions
 f - a potion of enlightenment
 g - 2 potions of curing
 h - a potion of cancellation
 i - a potion of attraction {unknown}
 j - a potion of degeneration {unknown}

Dungeon Overview and Level Annotations

Branches:
Dungeon (5/15)             Temple (1/1) D:5

Altars:
Dithmenos
Elyvilon
Gozag
Makhleb
Nemelex Xobeh
Okawaru
Qazlal
Ru
Sif Muna
Uskayaw
Wu Jian
Xom
Yredelemnul
Zin
The Shining One

Annotations:
D:2 1 runed translucent door, Crazy Yiuf
D:5 Duvessa


Message History

The black bear is heavily wounded.
You shoot an arrow. The arrow hits the black bear!
The black bear is almost dead.
The black bear goes berserk!
You shoot an arrow.
The arrow closely misses the black bear.
The arrow barely misses Duvessa.
The black bear completely misses you. The black bear misses you. x2
You shoot an arrow. The arrow hits the black bear.
You kill the black bear!
Okawaru accepts your kill.
You shoot an arrow. The arrow hits Duvessa.
Duvessa is lightly wounded.
Duvessa closely misses you.
Duvessa hits you with a +0 rapier of speed.
You shoot an arrow. The arrow hits Duvessa.
Duvessa is lightly wounded.
Duvessa hits you with a +0 rapier of speed!!
Ouch! That really hurt!
Duvessa hits you with a +0 rapier of speed!
3440 ||| DRINKING potion of heal wounds.
You feel much better. Duvessa completely misses you.
You shoot an arrow. The arrow hits Duvessa!
Duvessa is lightly wounded.
Duvessa misses you.
You shoot an arrow.
The arrow hits Duvessa but does no damage.
Duvessa is lightly wounded.
Duvessa completely misses you.
Duvessa hits you with a +0 rapier of speed!
You shoot an arrow.
The arrow hits Duvessa but does no damage.
Duvessa is lightly wounded.
Duvessa misses you. x2
You shoot an arrow. The arrow hits Duvessa!
Duvessa is moderately wounded.
Duvessa hits you with a +0 rapier of speed!!
Ouch! That really hurt!
You die...

).P~777777P~....... ... .#.~~7
7~~P####### ...
.#P~77777P~......#####....
.#.P~P~7~~~..###.#........
.##.~P~P~P....<#.#.###.#
.##..PP~PP######.#e#...
.###..PP.........#.#.###.#
.#...#....########.......#
...#.#..........@e...#####.......
......#........######### .......
..#.#................... ..el..
...............######### #....#
.#.#.#.........+..# #.....
.......#.......##.######## #....~
.#.>.#...#.##'###.##.....# #....~
.......#...#..###.##.....# #....~
.#.#.#..........#.##.....# ####.~


You could see Duvessa (berserk).

Vanquished Creatures
  A black bear (D:5)
  3 scorpions (D:5)
  Dowan (D:5)
  2 hounds
  An orc priest (D:5)
  2 iguanas (D:5)
  An orc wizard (D:3)
  6 adders
  13 gnolls
  An ufetubus (D:3)
  3 ribbon worms
  3 dart slugs
  17 orcs
  5 endoplasms
  6 giant cockroaches
  9 goblins
  7 hobgoblins
  6 jackals (D:1)
  2 quokkas
  3 ball pythons
  6 bats
  3 frilled lizards
  7 kobolds
  5 rats
113 creatures vanquished.

Notes
Turn   | Place    | Note
-------+----------+-------------------------------------------
     0 | D:1      | qw the Spriggan Hunter began the quest for the Orb.
     0 | D:1      | Reached XP level 1. HP: 10/10 MP: 2/2
     0 | D:1      | 0 ||| qw: Version: 0.3-a-160-g6735b56
     0 | D:1      | 0 ||| qw: Game counter: 6278
     0 | D:1      | 0 ||| qw: Melee chars always use a shield: true
     0 | D:1      | 0 ||| qw: God list: Okawaru
     0 | D:1      | 0 ||| qw: Allow faded altars: false
     0 | D:1      | 0 ||| qw: Do Orc after clearing Dungeon:15 true
     0 | D:1      | 0 ||| qw: Do second Lair branch before Depths: true
     0 | D:1      | 0 ||| qw: Lair rune preference: random
     0 | D:1      | 0 ||| qw: Goals: Normal
     0 | D:1      | 0 ||| PLANNING D:1-11
    22 | D:1      | Reached skill level 3 in Dodging
    79 | D:1      | Reached XP level 2. HP: 10/14 MP: 3/3
   150 | D:1      | Found a faded altar of an unknown god.
   215 | D:1      | 215 ||| RETREEEEATING.
   295 | D:1      | Reached XP level 3. HP: 18/18 MP: 4/4
   495 | D:1      | HP: 4/18 [gnoll/+0 club (1)]
   500 | D:1      | HP: 2/18 [kobold/+0 short sword (1)]
   890 | D:1      | 890 ||| READING scroll labelled XEURHU DUSARA.
   891 | D:1      | 891 ||| READING scroll labelled ENIS KIRGHUER.
   891 | D:1      | 891 ||| ENCHANTING +0 shortbow.
   892 | D:1      | 892 ||| READING scroll labelled WEQAEX TEOCI.
   893 | D:1      | 893 ||| READING 4 scrolls labelled ELUDOP LOBBUR.
   893 | D:1      | 893 ||| IDENTIFYING bubbling cyan potion
   894 | D:1      | 894 ||| READING 3 scrolls of identify.
   894 | D:1      | 894 ||| IDENTIFYING bubbling coppery potion
   895 | D:1      | 895 ||| READING 2 scrolls of identify.
   895 | D:1      | 895 ||| IDENTIFYING scroll labelled VAYLLU FIQUU
   896 | D:1      | 896 ||| READING scroll of identify.
   896 | D:1      | 896 ||| IDENTIFYING 3 scrolls labelled ASOUCU VEJYU
   897 | D:1      | 897 ||| READING 3 scrolls of enchant weapon.
   897 | D:1      | 897 ||| ENCHANTING +0 shortbow.
   898 | D:1      | 898 ||| READING 2 scrolls of enchant weapon.
   898 | D:1      | 898 ||| ENCHANTING +1 shortbow.
   899 | D:1      | 899 ||| READING scroll of enchant weapon.
   899 | D:1      | 899 ||| ENCHANTING +2 shortbow.
   900 | D:1      | 900 ||| DROPPING scroll of butterflies.
   901 | D:1      | 901 ||| DROPPING scroll of poison.
   902 | D:1      | 902 ||| DROPPING potion of ambrosia.
   921 | D:2      | 921 ||| RETREEEEATING.
   925 | D:2      | 925 ||| RETREEEEATING.
   926 | D:2      | 926 ||| RETREEEEATING.
   929 | D:2      | Reached XP level 4. HP: 22/22 MP: 5/5
   968 | D:2      | 968 ||| FLEEEEING.
  1141 | D:2      | Found a runed translucent door.
  1142 | D:2      | Noticed Crazy Yiuf
  1411 | D:2      | Reached XP level 5. HP: 20/26 MP: 6/6
  1692 | D:2      | 1692 ||| READING scroll labelled WEHOXT LYXI.
  1772 | D:3      | Found a shimmering altar of Xom.
  1854 | D:3      | Reached skill level 6 in Ranged Weapons
  1956 | D:3      | 1956 ||| READING scroll of enchant weapon.
  1956 | D:3      | 1956 ||| ENCHANTING +3 shortbow.
  2219 | D:3      | 2219 ||| READING scroll of identify.
  2219 | D:3      | 2219 ||| IDENTIFYING bubbling brown potion
  2220 | D:3      | 2220 ||| READING scroll labelled XUXZAFEAPN.
  2359 | D:4      | 2359 ||| READING scroll of enchant weapon.
  2359 | D:4      | 2359 ||| ENCHANTING +4 shortbow.
  2384 | D:4      | Reached skill level 6 in Dodging
  2384 | D:4      | Reached XP level 6. HP: 27/30 MP: 7/7
  2588 | D:4      | 2588 ||| FLEEEEING.
  2589 | D:4      | 2589 ||| FLEEEEING.
  2590 | D:4      | 2590 ||| FLEEEEING.
  2591 | D:4      | 2591 ||| FLEEEEING.
  2592 | D:4      | 2592 ||| FLEEEEING.
  2597 | D:4      | 2597 ||| FLEEEEING.
  2598 | D:4      | 2598 ||| FLEEEEING.
  2599 | D:4      | 2599 ||| FLEEEEING.
  2600 | D:4      | 2600 ||| FLEEEEING.
  2601 | D:4      | 2601 ||| FLEEEEING.
  2604 | D:4      | 2604 ||| FLEEEEING.
  2605 | D:4      | 2605 ||| FLEEEEING.
  2606 | D:4      | 2606 ||| FLEEEEING.
  2607 | D:4      | 2607 ||| FLEEEEING.
  2823 | D:4      | Found an ornate altar of the Wu Jian Council.
  2938 | D:4      | 2938 ||| READING 3 scrolls of identify.
  2938 | D:4      | 2938 ||| IDENTIFYING yellow potion
  2939 | D:4      | 2939 ||| READING 2 scrolls of identify.
  2939 | D:4      | 2939 ||| IDENTIFYING lumpy purple potion
  2940 | D:4      | 2940 ||| READING scroll of identify.
  2940 | D:4      | 2940 ||| IDENTIFYING glowing clear potion
  2941 | D:4      | 2941 ||| READING scroll labelled ZAELOOVIPN.
  2969 | D:5      | Entered Level 5 of the Dungeon
  3033 | D:5      | Found a staircase to the Ecumenical Temple.
  3034 | D:5      | 3034 ||| PLANNING TEMPLE
  3042 | Temple   | Entered the Ecumenical Temple
  3043 | Temple   | 3043 ||| PLANNING OKAWARU WORSHIP
  3057 | Temple   | Became a worshipper of Warmaster Okawaru
  3058 | Temple   | 3058 ||| PLANNING D:1-11
  3143 | D:5      | Reached XP level 7. HP: 35/35 MP: 8/8
  3202 | D:5      | 3202 ||| FLEEEEING.
  3204 | D:5      | 3204 ||| FLEEEEING.
  3205 | D:5      | 3205 ||| FLEEEEING.
  3206 | D:5      | 3206 ||| FLEEEEING.
  3207 | D:5      | 3207 ||| FLEEEEING.
  3208 | D:5      | 3208 ||| FLEEEEING.
  3209 | D:5      | 3209 ||| FLEEEEING.
  3211 | D:5      | 3211 ||| FLEEEEING.
  3212 | D:5      | 3212 ||| FLEEEEING.
  3213 | D:5      | 3213 ||| FLEEEEING.
  3214 | D:5      | 3214 ||| FLEEEEING.
  3215 | D:5      | 3215 ||| FLEEEEING.
  3216 | D:5      | 3216 ||| FLEEEEING.
  3217 | D:5      | 3217 ||| FLEEEEING.
  3218 | D:5      | 3218 ||| FLEEEEING.
  3220 | D:5      | 3220 ||| FLEEEEING.
  3224 | D:5      | 3224 ||| FLEEEEING.
  3225 | D:5      | 3225 ||| FLEEEEING.
  3226 | D:5      | 3226 ||| FLEEEEING.
  3227 | D:5      | 3227 ||| FLEEEEING.
  3228 | D:5      | 3228 ||| FLEEEEING.
  3229 | D:5      | 3229 ||| FLEEEEING.
  3230 | D:5      | 3230 ||| FLEEEEING.
  3232 | D:5      | 3232 ||| FLEEEEING.
  3233 | D:5      | 3233 ||| FLEEEEING.
  3234 | D:5      | 3234 ||| FLEEEEING.
  3319 | D:5      | Found a hide-covered altar of Uskayaw.
  3328 | D:5      | Noticed Dowan
  3333 | D:5      | 3333 ||| FLEEEEING.
  3334 | D:5      | 3334 ||| FLEEEEING.
  3340 | D:5      | Noticed Duvessa
  3341 | D:5      | 3341 ||| RETREEEEATING.
  3343 | D:5      | 3343 ||| RETREEEEATING.
  3344 | D:5      | 3344 ||| RETREEEEATING.
  3352 | D:5      | 3352 ||| FLEEEEING.
  3353 | D:5      | 3353 ||| FLEEEEING.
  3354 | D:5      | 3354 ||| FLEEEEING.
  3361 | D:5      | Killed Dowan
  3423 | D:5      | 3423 ||| RETREEEEATING.
  3426 | D:5      | 3426 ||| DRINKING potion of haste.
  3428 | D:5      | 3428 ||| RETREEEEATING.
  3429 | D:5      | 3429 ||| RETREEEEATING.
  3430 | D:5      | 3430 ||| RETREEEEATING.
  3431 | D:5      | 3431 ||| RETREEEEATING.
  3432 | D:5      | 3432 ||| RETREEEEATING.
  3439 | D:5      | HP: 1/35 [Duvessa/+0 rapier of speed (13)]
  3440 | D:5      | 3440 ||| DRINKING potion of heal wounds.
  3444 | D:5      | Demolished by Duvessa

Levels and vault maps discovered:
D:1:      dpeg_arrival_morbid_curiosity, layout_loops_cross,
          shapermc_ecumenical_altar_notcrosses
D:2:      layout_loops_ring, uniq_crazy_yiuf_cottage
D:3:      layout_rooms, xom_confusion_cloud
D:4:      layout_loops_ring, nzn_wu_jian_council_hall
D:5:      layout_basic, general_overflow_altar, minmay_temple_entry_sparse_star,
          serial_bayou_pond_c, uniq_duvessa
Temple:   hellmonk_temple_forest_ring

Skill      XL: |  1  2  3  4  5  6  7 |
---------------+----------------------+-----
Dodging        | 3 4 5 6 7 |  7.1
Ranged Weapons | 5 6 7 |  7.8
Fighting       | 2 |  2.0
Stealth        | |  1.5

Action                     |  1- 3 |  4- 6 |  7- 9 || total
---------------------------+-------+-------+-------++-------
   Fire: Shortbow          |    91 |   186 |    59 ||   336
    Use: Scroll            |    10 |     9 |       ||    19
         Potion            |       |       |     2 ||     2
 Armour: Robe              |     8 |    20 |    11 ||    39
  Dodge: Dodged            |    31 |    77 |    27 ||   135

Table legend:
 A = Non-vault XP
 B = Vault XP
 C = Vault XP percentage of total XP
 D = Non-vault monster count
 E = Vault monster count
 F = Vault count percentage of total count
                 A         B        C        D         E       F
            +---------+---------+-------+---------+---------+-------
      Total |    1017 |     108 |   9.6 |     100 |      13 |  11.5
            +---------+---------+-------+---------+---------+-------
        D:1 |      63 |       9 |  12.5 |      28 |       5 |  15.2
        D:2 |     187 |       0 |   0.0 |      24 |       0 |   0.0
        D:3 |      84 |      32 |  27.6 |      17 |       7 |  29.2
        D:4 |     123 |       0 |   0.0 |      14 |       0 |   0.0
        D:5 |     560 |      67 |  10.7 |      17 |       1 |   5.6
            +---------+---------+-------+---------+---------+-------
